 Dungeon Crawl Stone Soup version 0.27.1 (webtiles) character file.

Game seed: 12450781031625605696

1624 Malachi the Cleaver (level 8, 0/64 HPs)
             Began as a Hill Orc Fighter on Sept 1, 2021.
             Was a Follower of Beogh.
             Shot with an arrow by a centaur (10 damage)
             ... on level 6 of the Dungeon.
             The game lasted 00:10:47 (5570 turns).

Malachi the Cleaver (Hill Orc Fighter)              Turns: 5570, Time: 00:10:48

Health: 0/64       AC: 13    Str: 21      XL:     8   Next: 97%
Magic:  13/13      EV:  4    Int:  5 (8)  God:    Beogh [*.....]
Gold:   133        SH: 11    Dex:  8 (10) Spells: 7/7 levels left

rFire    . . .     SeeInvis .   a - +0 war axe
rCold    . . .     Faith    .   c - +0 kite shield
rNeg     . . .     Spirit   .   n - +0 plate armour
rPois    .         Reflect  .   m - +0 helmet
rElec    .         Harm     .   (no cloak)
rCorr    .         Rampage  .   (no gloves)
Will     +....                  u - +0 pair of boots
Stlth    ..........             h - amulet of regeneration
HPRegen  1.20/turn              (no ring)
MPRegen  0.13/turn              (no ring)

@: no status effects
A: talons 1, strong-willed 1
a: Renounce Religion


You were on level 6 of the Dungeon.
You worshipped Beogh.
Beogh was aware of your devotion.
You visited 1 branch of the dungeon, and saw 6 of its levels.

You collected 283 gold pieces.
You spent 150 gold pieces at shops.

Inventory:

Hand Weapons
 a - a +0 war axe (weapon)
 k - a +9 club
Missiles
 f - 9 poisoned darts (quivered)
 i - 2 throwing nets
Armour
 c - a +0 kite shield (worn)
 m - a +0 helmet (worn)
 n - a +0 plate armour (worn)
 u - a +0 pair of boots (worn)
Jewellery
 e - an amulet of magic regeneration
 h - an amulet of regeneration (around neck)
Wands
 b - a wand of paralysis (4)
 l - a wand of charming (6)
 r - a wand of flame (68)
Scrolls
 j - 3 scrolls of identify {unknown}
 o - a scroll of fog
Potions
 d - a potion of might
 p - 2 potions of heal wounds
 x - 2 potions of curing


   Skills:
 - Level 3.6 Fighting
 * Level 9.2 Axes
 - Level 3.2 Armour
 * Level 8.2 Shields
 * Level 6.7 Invocations


You had 7 spell levels left.
You didn't know any spells.
Your spell library contained the following spells:

 Spells                   Type           Power      Damage    Failure   Level
 Sting                    Tmut/Pois      0%         1d3       100%        1
 Blink                    Tloc           N/A        N/A       100%        2
 Corpse Rot               Necr/Air       N/A        N/A       100%        2
 Poisonous Vapours        Pois/Air       0%         N/A       100%        2
 Static Discharge         Conj/Air       0%         N/A       100%        2
 Lesser Beckoning         Tloc           0%         N/A       100%        3
 Animate Dead             Necr           0%         N/A       100%        4
 Dispel Undead            Necr           0%         3d6       100%        4
 Olgreb's Toxic Radiance  Pois           0%         N/A       100%        4
 Summon Ice Beast         Ice/Summ       0%         N/A       100%        4
 Lightning Bolt           Conj/Air       0%         1d11      100%        5
 Manifold Assault         Tloc           0%         N/A       100%        5
 Summon Mana Viper        Hex/Summ       0%         N/A       100%        5
 Death Channel            Necr           0%         N/A       100%        6
 Haunt                    Necr/Summ      0%         N/A       100%        7
 Monstrous Menagerie      Summ           0%         N/A       100%        7
 Infestation              Necr           0%         N/A       100%        8
 Maxwell's Capacitive Co  Air            0%         ∞         100%        8


Dungeon Overview and Level Annotations

Branches:
Dungeon (6/15)             Temple (0/1) D:6

Altars:
Ashenzari
Elyvilon
Kikubaaqudgha
Makhleb
Nemelex Xobeh
Ru
Zin

Shops:
D:3 !   D:4 *


Innate Abilities, Weirdness & Mutations

You have sharp toenails.
You are strong-willed. (Will+)


Message History

Press: ? - help, Q - select action, (/) - cycle Shift-Dir - straight line, f/p - centaur
Aim: a centaur, wielding a +0 shortbow and quivering arrows (lightly wounded, poisoned, 65% to hit)
You throw a poisoned dart. The poisoned dart hits the centaur.
The centaur looks even sicker.
The centaur is lightly wounded.
The centaur shoots an arrow.
You block the arrow.
The centaur shoots an arrow.
The arrow hits you but does no damage.
The centaur shoots an arrow.
The arrow hits you but does no damage.
The centaur shoots an arrow.
You block the arrow.
Throw: 13 darts (poison)
Press: ? - help, Q - select action, (/) - cycle Shift-Dir - straight line, f/p - centaur
Aim: a centaur, wielding a +0 shortbow and quivering arrows (lightly wounded, very poisoned, 64% to hit)
You throw a poisoned dart. The poisoned dart hits the centaur.
The centaur looks even sicker.
The centaur is lightly wounded.
The centaur shoots an arrow.
The arrow hits you!
Throw: 12 darts (poison)
Press: ? - help, Q - select action, (/) - cycle Shift-Dir - straight line, f/p - centaur
Aim: a centaur, wielding a +0 shortbow and quivering arrows (lightly wounded, very poisoned, 65% to hit)
You throw a poisoned dart. The poisoned dart hits the centaur.
The centaur is lightly wounded.
The centaur shoots an arrow.
You block the arrow.
The centaur shoots an arrow.
The arrow hits you.
The centaur shoots an arrow.
You block the arrow.
Throw: 11 darts (poison)
Press: ? - help, Q - select action, (/) - cycle Shift-Dir - straight line, f/p - centaur
Aim: a centaur, wielding a +0 shortbow and quivering arrows (moderately wounded, very poisoned, 65% to hit)
You throw a poisoned dart. The poisoned dart hits the centaur.
The centaur looks as sick as possible!
The centaur is moderately wounded.
The centaur shoots an arrow.
The arrow hits you!
The centaur shoots an arrow.
You block the arrow.
The centaur shoots an arrow.
You block the arrow.
Throw: 10 darts (poison)
Press: ? - help, Q - select action, (/) - cycle Shift-Dir - straight line, f/p - centaur
Aim: a centaur, wielding a +0 shortbow and quivering arrows (moderately wounded, extremely poisoned, 67% to hit)
You throw a poisoned dart.
The poisoned dart barely misses the centaur.
The centaur shoots an arrow.
The arrow hits you!
* * * LOW HITPOINT WARNING * * *
The centaur shoots an arrow.
The arrow hits you!
You die...

#.≈≈≈≈≈.).#'#..≈≈≈≈≈≈≈≈≈≈#
#.≈≈≈≈≈.(...(((≈≈≈≈≈≈≈≈≈≈#
#.≈≈≈≈≈≈.(...(≈≈≈≈≈≈≈≈≈≈≈#
#.≈≈≈≈≈≈≈≈cc≈≈≈≈≈≈≈≈≈≈≈≈≈#
#..≈≈≈≈≈≈≈≈≈≈≈≈≈≈≈≈≈≈≈≈≈#
##....≈≈≈≈≈≈≈≈≈≈≈≈≈≈≈..#
####....≈≈≈≈≈≈≈≈###..##
####....≈≈≈≈####.##
####....@.....#
############


You could see 2 centaurs.

Vanquished Creatures
  A water moccasin (D:5)
  A sky beast (D:5)
  A black bear (D:6)
  2 necrophages
  2 centaurs (D:6)
  A phantom (D:5)
  Blork the orc (D:6)
  3 scorpions
  A wyvern skeleton (D:6)
  A water moccasin skeleton (D:5)
  2 howler monkeys
  A centaur zombie (D:5)
  A hound (D:4)
  3 iron imps (D:3)
  Jessica (D:2)
  2 iguanas
  2 orc wizards (D:4)
  A killer bee zombie (D:5)
  A hound skeleton (D:4)
  A howler monkey zombie (D:5)
  7 adders
  4 gnolls (D:5)
  A howler monkey skeleton (D:5)
  A white imp (D:5)
  7 orcs
  3 ball pythons
  5 bats (D:3)
  5 endoplasms
  8 giant cockroaches
  8 hobgoblins
  A quokka (D:2)
  2 frilled lizards
  6 goblins
  5 kobolds
  2 rats
94 creatures vanquished.

Vanquished Creatures (collateral kills)
  A centaur (D:6)
1 creature vanquished.

Vanquished Creatures (others)
  3 centaurs (D:6)
  An orc priest (D:4)
  A hobgoblin (D:4)
  A plant (D:3)
  2 withered plants (D:3)
8 creatures vanquished.

Grand Total: 103 creatures vanquished

Notes
Turn   | Place    | Note
-------+----------+-------------------------------------------
     0 | D:1      | Malachi the Hill Orc Fighter began the quest for the Orb.
     0 | D:1      | Reached XP level 1. HP: 19/19 MP: 1/1
    15 | D:1      | Noticed a merfolk zombie
   418 | D:1      | Reached skill level 3 in Axes
   478 | D:1      | Reached XP level 2. HP: 26/26 MP: 2/2
  1187 | D:2      | Noticed Jessica
  1191 | D:2      | Killed Jessica
  1192 | D:2      | Reached skill level 4 in Axes
  1192 | D:2      | Reached XP level 3. HP: 26/31 MP: 3/3
  1743 | D:2      | Reached XP level 4. HP: 39/39 MP: 4/4
  1953 | D:3      | Found an ancient bone altar of Kikubaaqudgha.
  2016 | D:3      | Found Fuojear's Distillery.
  2027 | D:3      | Bought a potion of heal wounds for 60 gold pieces
  2079 | D:3      | Found a burning altar of Makhleb.
  2110 | D:3      | Reached skill level 5 in Axes
  2110 | D:3      | Reached skill level 5 in Shields
  2110 | D:3      | Reached XP level 5. HP: 45/45 MP: 5/5
  2266 | D:3      | Found a white marble altar of Elyvilon.
  2316 | D:3      | Found a faded altar of an unknown god.
  2587 | D:4      | Became a worshipper of Beogh the Brigand
  2599 | D:4      | Reached skill level 6 in Axes
  2599 | D:4      | Reached XP level 6. HP: 38/51 MP: 6/6
  2623 | D:4      | Found Ynnemuqiypn's Assorted Antiques.
  2685 | D:4      | Reached skill level 1 in Invocations
  2786 | D:4      | Noticed a necrophage
  2792 | D:4      | Killed a necrophage
  3004 | D:4      | Reached XP level 7. HP: 53/57 MP: 8/8
  3207 | D:4      | Found a sparkling altar of Nemelex Xobeh.
  3573 | D:5      | Entered Level 5 of the Dungeon
  3592 | D:5      | Reached skill level 7 in Axes
  3655 | D:5      | Found Zin's Purification Station.
  3695 | D:5      | Reached * piety under Beogh
  3808 | D:5      | Found a glowing silver altar of Zin.
  3813 | D:5      | Bought a potion of curing for 90 gold pieces
  3865 | D:5      | Reached XP level 8. HP: 57/64 MP: 11/11
  3879 | D:5      | Found a broken altar of Ashenzari.
  3932 | D:5      | Reached skill level 8 in Axes
  3983 | D:5      | Reached skill level 5 in Invocations
  4334 | D:5      | Gained mutation: Your magical capacity is low. (-10% MP)
                  | [potion of mutation]
  4334 | D:5      | Gained mutation: You passively dampen the noise of your
                  | surroundings. [potion of mutation]
  4335 | D:5      | Lost mutation: Your magical capacity is low. (-10% MP)
                  | [potion of mutation]
  4335 | D:5      | Lost mutation: You passively dampen the noise of your
                  | surroundings. [potion of mutation]
  4335 | D:5      | Gained mutation: You are strong-willed. (Will+) [potion of
                  | mutation]
  4335 | D:5      | Gained mutation: You have sharp toenails. [potion of
                  | mutation]
  4457 | D:6      | Found a sacrificial altar of Ru.
  4725 | D:6      | Reached skill level 9 in Axes
  4916 | D:6      | Found a staircase to the Ecumenical Temple.
  5084 | D:6      | Noticed Blork the orc
  5091 | D:6      | Killed Blork the orc
  5570 | D:6      | Shot with an arrow by a centaur

Illustrated notes

Levels and vault maps discovered:
D:1:      shiori_arrival_whats_in_store_for_you, layout_basic,
          serial_park_tiny_2
D:2:      layout_basic, minmay_worlds_worst_comb, uniq_jessica
D:3:      layout_rooms, old_standard_altar, demons_altar,
          kiku_gazebo_garden_becter, shapermc_ecumenical_altar_mp_ritualfount,
          serial_shops, shop
D:4:      layout_basic, nemelex_dance_club_becter, serial_shops, shop,
          grunt_decor_cap
D:5:      layout_basic, zin_purify, nicolae_ashenzari_skybound,
          grunt_ministairs_10
D:6:      layout_basic, mainiacjoe_overflow_surrounded_room, temple_statues,
          centaur_isle, uniq_blork_the_orc

Skill      XL: |  1  2  3  4  5  6  7  8 |
---------------+-------------------------+-----
Axes           | 3 4 5 6 7 9 |  9.2
Shields        | 4 5 6 7 8 |  8.2
Invocations    | 2 4 6 |  6.7
Fighting       | |  3.6
Armour         | |  3.2

Action                   |  1- 3 |  4- 6 |  7- 9 || total
-------------------------+-------+-------+-------++-------
Melee: War axe           |    86 |   162 |   169 ||   417
Throw: Dart              |       |       |    12 ||    12
Invok: Convert to Beogh  |       |     1 |       ||     1
Evoke: Wand              |       |       |    11 ||    11
  Use: Scroll            |       |       |     7 ||     7
       Potion            |       |       |     9 ||     9
 Stab: Paralysed         |       |       |     3 ||     3
Armor: Scale mail        |    35 |       |       ||    35
       Plate armour      |     1 |   151 |   143 ||   295
Dodge: Dodged            |    22 |    23 |    45 ||    90
Block: Kite shield       |    48 |    83 |   140 ||   271
